 Dungeon Crawl Stone Soup version 0.28.0-1-gb440e238dd (webtiles) character file.

Game seed: 8699536508551007789

77 Ablot the Grasshopper (level 4, -2/38 HPs)
             Began as a Gnoll Warper on Feb 20, 2022.
             Killed by nerve-wracking pain
             ... invoked by Grinder
              (14 damage)
             ... on level 3 of the Dungeon.
             The game lasted 00:04:34 (3662 turns).

Ablot the Grasshopper (Gnoll Warper)                Turns: 3662, Time: 00:04:35

Health: -2/38      AC:  5    Str: 12    XL:     4   Next: 34%
Magic:  11/11      EV: 12    Int: 13    God:
Gold:   19         SH:  0    Dex: 11    Spells: 11/13 levels left

rFire   . . .      SeeInvis +   a - +0 spear
rCold   . . .      Faith    .   (no shield)
rNeg    . . .      Spirit   .   b - +0 leather armour
rPois   .          Reflect  .   (no helmet)
rElec   .          Harm     .   r - +0 cloak
rCorr   .          Rampage  .   p - +0 pair of gloves
Will    .....                   (no boots)
Stlth   +.........              h - amulet of magic regeneration
HPRegen 0.12/turn               m - ring of see invisible
MPRegen 0.52/turn               (no ring)

@: no status effects
A: fangs 1, strong nose, distributed training
a: no special abilities


You were on level 3 of the Dungeon.
You visited 1 branch of the dungeon, and saw 3 of its levels.

You collected 85 gold pieces.
You spent 66 gold pieces at shops.

Inventory:

Hand Weapons
 a - a +0 spear (weapon)
Missiles
 d - 3 boomerangs of dispersal (quivered)
 e - 34 arrows
 g - 59 stones
 q - 16 bolts
Armour
 b - a +0 leather armour (worn)
 p - a +0 pair of gloves (worn)
 r - a +0 cloak (worn)
Jewellery
 h - an amulet of magic regeneration (around neck)
 m - a ring of see invisible (left hand)
Scrolls
 c - a scroll of blinking
 i - 3 scrolls of teleportation {unknown}
 j - 2 scrolls of fog {unknown}
 k - 2 scrolls of identify
 l - a scroll of noise {unknown}
 n - a scroll of fear
 s - a scroll of vulnerability {unknown}
Potions
 o - a potion of curing {unknown}
 t - a potion of might {unknown}


   Skills:
 + Level 4.6 Fighting
 + Level 1.1 Short Blades
 + Level 1.1 Long Blades
 + Level 1.1 Axes
 + Level 1.1 Maces & Flails
 + Level 4.6 Polearms
 + Level 1.1 Staves
 + Level 1.1 Slings
 + Level 1.1 Bows
 + Level 1.1 Crossbows
 + Level 2.7 Throwing
 + Level 2.7 Armour
 + Level 4.6 Dodging
 + Level 1.1 Stealth
 + Level 1.1 Shields
 + Level 1.1 Unarmed Combat
 + Level 5.0 Spellcasting
 + Level 0.8 Conjurations
 + Level 0.8 Hexes
 + Level 0.8 Summonings
 + Level 0.8 Necromancy
 + Level 5.4 Translocations
 + Level 0.8 Transmutations
 + Level 0.8 Fire Magic
 + Level 0.8 Ice Magic
 + Level 0.8 Air Magic
 + Level 0.8 Earth Magic
 + Level 0.8 Poison Magic
 + Level 1.2 Invocations
 + Level 1.1 Evocations


You had 11 spell levels left.
You knew the following spells:

 Your Spells              Type           Power      Damage    Failure   Level
a - Blink                 Tloc           34%        N/A       3%          2

Your spell library contained the following spells:

 Spells                   Type           Power      Damage    Failure   Level
 Gell's Gravitas          Tloc           17%        N/A       8%          3
 Lesser Beckoning         Tloc           17%        N/A       8%          3
 Teleport Other           Tloc           17%        N/A       8%          3
 Ignite Poison            Fire/Tmut/Pois 5%         N/A       45%         3
 Mephitic Cloud           Conj/Pois/Air  5%         N/A       45%         3
 Summon Guardian Golem    Hex/Summ       5%         N/A       45%         3
 Manifold Assault         Tloc           17%        N/A       56%         5
 Freezing Cloud           Conj/Ice/Air   2%         6-21      99%         5
 Orb of Destruction       Conj           2%         9d5       100%        7
 Spellforged Servitor     Conj/Summ      2%         N/A       100%        7


Dungeon Overview and Level Annotations

Branches:
Dungeon (3/15)

Altars:
Vehumet

Shops:
D:1 [   D:2 ?

Annotations:
D:2 1 runed translucent door, exclusion: door, Crazy Yiuf
D:3 Grinder


Innate Abilities, Weirdness & Mutations

You have very sharp teeth.
Your uncanny sense of smell can sniff out nearby items.
Your experience applies equally to all skills.


Message History

It was a potion of heal wounds.
You feel much better.
You closely miss Grinder.
Grinder is lightly wounded.
Grinder gestures at you. Pain shoots through your body!
You closely miss Grinder.
Grinder is lightly wounded.
Grinder hits you.
You writhe in agony.
You barely miss Grinder.
Grinder is lightly wounded.
Grinder blinks!
Throw: 5 boomerangs (disperse)
Press: ? - help, Q - select action, (/) - cycle Shift-Dir - straight line, f - Grinder
Aim: Grinder (lightly wounded, 55% to hit)
Okay, then.
Throw: 5 boomerangs (disperse)
Press: ? - help, Q - select action, (/) - cycle Shift-Dir - straight line, f - Grinder
Aim: Grinder (lightly wounded, 55% to hit)
You throw a boomerang of dispersal.
The boomerang of dispersal hits Grinder.
Grinder blinks!
Grinder is lightly wounded.
Throw: 4 boomerangs (disperse)
Press: ? - help, Q - select action, (/) - cycle Shift-Dir - straight line, f/p - Grinder
Aim: Grinder (lightly wounded, 55% to hit)
You throw a boomerang of dispersal.
The boomerang of dispersal hits Grinder but does no damage.
Grinder is lightly wounded.
You hit Grinder but do no damage. Your bite misses Grinder.
Grinder is lightly wounded.
Grinder hits you but does no damage.
You hit Grinder. You punch Grinder.
Grinder is moderately wounded.
Grinder gestures at you. Pain shoots through your body!
You closely miss Grinder. Your bite misses Grinder.
Grinder is moderately wounded.
Grinder gestures at you. Pain shoots through your body!
You die...

...............######
....########........#
....## #.#.####.#
.....# #.#.# #.#
#...## #.#.## #.#
##.## #.#..# #.# #.#
#.##.# #.# #.#
#.##.###.# ##'##
#[...@5..# #...##
####.##### .....## ##
#.# ......## ##.##.#
.......####...#.####
.......+...........#
.......####...#.##.#
......## ##.#...#.#
5....## #.......#


You could see Grinder.

Vanquished Creatures
  An adder (D:2)
  2 dart slugs
  5 ball pythons
  5 endoplasms
  2 giant cockroaches
  9 goblins
  7 hobgoblins
  4 jackals (D:2)
  6 kobolds
  4 quokkas
  4 bats
  5 frilled lizards
  7 rats
61 creatures vanquished.

Vanquished Creatures (others)
  2 fungi (D:2)
2 creatures vanquished.

Grand Total: 63 creatures vanquished

Notes
Turn   | Place    | Note
-------+----------+-------------------------------------------
     0 | D:1      | Ablot the Gnoll Warper began the quest for the Orb.
     0 | D:1      | Reached XP level 1. HP: 20/20 MP: 6/6
   187 | D:1      | Found Lulyezimp's Armour Shoppe.
   420 | D:1      | Reached XP level 2. HP: 26/26 MP: 7/7
   423 | D:1      | Learned a level 2 spell: Blink
  1274 | D:1      | Reached XP level 3. HP: 31/31 MP: 9/9
  1323 | D:1      | Found a faded altar of an unknown god.
  1377 | D:1      | Reached skill level 5 in Spellcasting
  2212 | D:2      | Reached skill level 1 in Invocations
  2407 | D:2      | Found Cidugg's Magic Scroll Boutique.
  2418 | D:2      | Bought a scroll of identify for 24 gold pieces
  2418 | D:2      | Bought a scroll of fear for 42 gold pieces
  2569 | D:2      | Reached skill level 1 in Short Blades
  2569 | D:2      | Reached skill level 1 in Long Blades
  2569 | D:2      | Reached skill level 1 in Axes
  2569 | D:2      | Reached skill level 1 in Maces & Flails
  2569 | D:2      | Reached skill level 1 in Staves
  2569 | D:2      | Reached skill level 1 in Slings
  2569 | D:2      | Reached skill level 1 in Bows
  2569 | D:2      | Reached skill level 1 in Crossbows
  2569 | D:2      | Reached skill level 1 in Stealth
  2569 | D:2      | Reached skill level 1 in Shields
  2569 | D:2      | Reached skill level 1 in Unarmed Combat
  2569 | D:2      | Reached skill level 1 in Evocations
  2651 | D:2      | Reached XP level 4. HP: 37/38 MP: 11/11
  2845 | D:2      | Found a runed translucent door.
  2846 | D:2      | Noticed Crazy Yiuf
  2991 | D:3      | Found a radiant altar of Vehumet.
  3566 | D:3      | Noticed Grinder
  3651 | D:3      | Paralysed by Grinder for 2 turns
  3662 | D:3      | Killed from afar by Grinder

Illustrated notes

Levels and vault maps discovered:
D:1:      dpeg_cavernosity, layout_basic, ebering_ecumenical_altar_mist,
          serial_shops, shop, minmay_misc_feat_square,
          chequers_decorated_corner, dk_noncrumbling_3,
          minmay_stone_trees_large, moated_statue, minmay_misc_feat_doors
D:2:      layout_basic, serial_shops, nicolae_shop_window_shopping,
          uniq_crazy_yiuf_cottage
D:3:      layout_loops_corners, nicolae_vehumet_radiance, serial_forest,
          infiniplex_forest_lined_room_2, infiniplex_forest_straight_2,
          infiniplex_forest_corner_1, infiniplex_forest_end_2,
          infiniplex_forest_end_2, infiniplex_forest_join,
          infiniplex_forest_straight_4, minmay_goblin_outpost, uniq_grinder

Skill      XL: |  1  2  3 |
---------------+----------+-----
Spellcasting   | 5 |  5.0
Invocations    | 1 |  1.2
Short Blades   | 1 |  1.1
Long Blades    | 1 |  1.1
Axes           | 1 |  1.1
Maces & Flails | 1 |  1.1
Staves         | 1 |  1.1
Slings         | 1 |  1.1
Bows           | 1 |  1.1
Crossbows      | 1 |  1.1
Stealth        | 1 |  1.1
Shields        | 1 |  1.1
Unarmed Combat | 1 |  1.1
Evocations     | 1 |  1.1
Fighting       | |  4.6
Polearms       | |  4.6
Throwing       | |  2.7
Armour         | |  2.7
Dodging        | |  4.6
Conjurations   | |  0.8
Hexes          | |  0.8
Summonings     | |  0.8
Necromancy     | |  0.8
Translocations | |  5.4
Transmutations | |  0.8
Fire Magic     | |  0.8
Ice Magic      | |  0.8
Air Magic      | |  0.8
Earth Magic    | |  0.8
Poison Magic   | |  0.8

Action                   |  1- 3 |  4- 6 || total
-------------------------+-------+-------++-------
Melee: Spear             |   209 |    90 ||   299
       Bite              |    14 |     8 ||    22
       Punch             |     1 |     2 ||     3
Throw: Boomerang         |       |     2 ||     2
  Use: Potion            |       |     1 ||     1
 Stab: Distracted        |     1 |       ||     1
       Sleeping          |     1 |       ||     1
Armor: Leather armour    |    39 |    14 ||    53
Dodge: Dodged            |   111 |    42 ||   153
